 Dungeon Crawl Stone Soup version 0.30.1-11-g7821555f0a (webtiles) character file.

Game seed: 2652579909109768452

16374 CataloguePoet the Destroyer (level 12, -15/96 HPs)
             Began as a Purple Draconian Conjurer on Oct 30, 2023.
             Was an Elder of Nemelex Xobeh.
             Demolished by danielguo94's ghost (16 damage)
             ... on level 2 of the Lair of Beasts.
             The game lasted 00:52:51 (12660 turns).

CataloguePoet the Destroyer (DrCj)                 Turns: 12660, Time: 00:52:51

Health: -15/96     AC: 21    Str: 12    XL:     12   Next: 9%
Magic:  16/23      EV: 15    Int: 24    God:    Nemelex Xobeh [****..]
Gold:   1067       SH:  0    Dex: 15    Spells: 8/26 levels left

rFire   . . .        d - +8 short sword "Dragonbane" {drain, rC+ Int+4}
rCold   + + .        (no shield)
rNeg    + + .        (body armour unavailable)
rPois   .            s - +2 hat
rElec   .            f - +1 cloak of Courage {rC+ rN++ Will+ SInv}
rCorr   .            v - +1 pair of gloves
SInv    +            y - +2 pair of boots {Fly}
Will    ++...        u - amulet of the acrobat
Stlth   +++          g - +4 ring of protection
HPRegen 0.36/turn    o - +6 ring of dexterity
MPRegen 0.18/turn

%: acrobat
@: flying
A: breathe power, AC +8, unfitting armour, cold-blooded, clumsy 1, wild magic 1
a: Breathe Dispelling Energy, Renounce Religion, Draw Escape, Draw Destruction,
Draw Summoning, Triple Draw, Deal Four


You were on level 2 of the Lair of Beasts.
You worshipped Nemelex Xobeh.
Nemelex Xobeh was greatly pleased with you.
You visited 2 branches of the dungeon, and saw 11 of its levels.
You also visited: Bailey.

You collected 1067 gold pieces.

Inventory:

Hand Weapons
 d - the +8 short sword "Dragonbane" (weapon) {drain, rC+ Int+4}
   (You found it on level 2 of the Dungeon)

   Int:       It affects your intelligence (+4).
   rC:        It protects you from cold.
Missiles
 i - 19 boomerangs
 m - a throwing net
Armour
 f - the +1 cloak of Courage (worn) {rC+ rN++ Will+ SInv}
   (You found it on level 2 of the Dungeon)

   rC:        It protects you from cold.
   rN:        It greatly protects you from negative energy.
   SInv:      It lets you see invisible.
   Will:      It increases your willpower.
 s - a +2 hat (worn)
 v - a +1 pair of gloves (worn)
 y - a +2 pair of boots of flying (worn)
Jewellery
 b - a ring of flight
 g - a +4 ring of protection (left hand)
 l - an amulet of guardian spirit
 o - a +6 ring of dexterity (right hand)
 r - a +6 ring of dexterity
 u - an amulet of the acrobat (around neck)
 z - an amulet of magic regeneration
 A - a ring of protection from fire
 D - a +6 ring of strength
Wands
 e - a wand of flame (52)
 x - a wand of paralysis (12)
 B - a wand of polymorph (12)
Scrolls
 a - a scroll of amnesia
 c - 3 scrolls of vulnerability
 h - 2 scrolls of immolation
 k - a scroll of enchant armour
 n - 2 scrolls of enchant weapon
 w - 2 scrolls of identify
Potions
 j - 3 potions of might
 p - 5 potions of flight
 q - a potion of berserk rage
 E - a potion of haste {unknown}
 F - a potion of mutation


   Skills:
 * Level 6.0 Fighting
 * Level 6.4 Short Blades
 * Level 7.3 Dodging
 * Level 7.0 Stealth
 + Level 0.1 Unarmed Combat
 * Level 7.9 Spellcasting
 * Level 8.1 Conjurations
 * Level 6.2 Hexes
 * Level 4.3 Translocations
 * Level 4.2 Air Magic
 * Level 4.8 Invocations
 * Level 5.6 Evocations


You had 8 spell levels left.
You knew the following spells:

 Your Spells              Type           Power      Damage    Failure   Level
a - Magic Dart            Conj           100%       1d8       1%          1
b - Searing Ray           Conj           100%       2d8       1%          2
c - Dazzling Flash        Conj/Hex       100%       N/A       2%          3
d - Fulminant Prism       Conj/Hex       27%        3d13      6%          4
e - Vhi's Electric Charg  Tloc/Air       78%        N/A       5%          3
f - Arcjolt               Conj/Air       25%        1d35      21%         5

Your spell library contained the following spells:

 Spells                   Type           Power      Damage    Failure   Level
 Iskenderun's Mystic Bla  Conj/Tloc      51%        2d11      8%          4
 Ozocubu's Armour         Ice            12%        N/A       28%         3
 Ozocubu's Refrigeration  Ice            6%         4d8       100%        7
 Maxwell's Capacitive Co  Air            19%        ∞         100%        8


Dungeon Overview and Level Annotations

Branches:
Dungeon (9/15)             Temple (0/1) D:7            Lair (2/5) D:9
 Shoals (0/4) Lair:2       Bailey (visited)
  Snake: Lair:2-3    Spider: Lair:2-3       Orc: D:9-12

Altars:
Gozag
Hepliaklqana
Kikubaaqudgha
Nemelex Xobeh
Okawaru
Ru
Sif Muna
Trog
Vehumet
Yredelemnul
Zin
The Shining One

Shops:
D:5 *

Annotations:
D:5 5 runed translucent doors
Lair:2 2 transporters, danielguo94's ghost, journeyman GrFi


Innate Abilities, Weirdness & Mutations

You can breathe bolts of dispelling energy.
Your rich purple scales are hard. (AC +8)
You cannot fit into any form of body armour.
You are cold-blooded and may be slowed by cold attacks.
You are clumsy. (Dex -2)
Your spells are a little harder to cast, but a little more powerful.


Message History

The 12-headed hydra completely misses you.
The 12-headed hydra misses you. The 12-headed hydra closely misses you.
The 12-headed hydra completely misses you. x2
Your surroundings suddenly seem different.
You start resting.
Danielguo94's ghost is nearby!
Danielguo94's ghost is nearby!
Casting: Fulminant Prism (dangerous; 6% risk of failure)
Confirm with . or Enter, or press ? or * to list all spells.
Aiming: Fulminant Prism (dangerous; 6% risk of failure)
Press: ? - help, Dir - move target You conjure a prism of explosive energy!
A fulminant prism comes into view.
Your fulminant prism crackles loudly.
Your fulminant prism explodes!
The blast of energy engulfs danielguo94's ghost!!
Danielguo94's ghost is moderately damaged.
Aiming: Searing Ray (safe; 1% risk of failure)
Press: ? - help, Q - select action, (/) - cycle Shift-Dir - straight line, f - danielguo94's ghost
Aim: danielguo94's ghost (moderately damaged, 81% to hit)
The searing ray misses danielguo94's ghost. (Press . to maintain the ray.) Unknown command.
The searing ray hits danielguo94's ghost but does no damage.
Danielguo94's ghost is moderately damaged.
Danielguo94's ghost says, "They say chivalry is dead.
Well, so am I."
Danielguo94's ghost completely misses you.
The searing ray hits danielguo94's ghost.
Danielguo94's ghost is moderately damaged.
Danielguo94's ghost hits you!!
* * * LOW HITPOINT WARNING * * *
The searing ray hits danielguo94's ghost but does no damage.
Danielguo94's ghost is moderately damaged.
You finish channelling your searing ray.
Danielguo94's ghost closely misses you.
You draw a card...
You have drawn the Tomb.
Walls emerge from the floor!
Danielguo94's ghost crushes a nearby insect and laughs.
Danielguo94's ghost hits you!
You die...
Your body disappears without a glow.

#.##.....###........###...††.....
#..##'''##.....P....##....##.....
##..)............##..##........#.
##P.............#..###........##
###.........####....##...##...##8
#...P.......###......#####..####≈
#.###.DW....P##......# ##P# #B
......D#....####W##..######## .B
.......###### #@#......P## .#=
...P#### ##.#.......## .#. ...##
#.###.......# .#. ..#.#
#..##......P###![© ..###
#.####........#### ...# ##.##
##.##....#..© ...# #...#
#####...#..© ...# ##...# #.......
...# #....# ###.....


You could see danielguo94's ghost.

Vanquished Creatures
  Harold (Lair:2)
  7 death yaks (D:9)
  Pikel (D:6)
  2 torpor snails (Lair:2)
  5 cane toads
  Maggie (D:7)
  A komodo dragon (Lair:1)
  A polar bear (Lair:2)
  A troll (D:9)
  5 yaks (Lair:2)
  A steam dragon (D:6)
  A basilisk (Lair:1)
  Menkaure (D:7)
  Edmund (D:5)
  An acid dragon (D:7)
  9 water moccasins
  Duvessa (D:7)
  A sky beast (D:7)
  A black bear (D:6)
  3 ice beasts
  5 orc warriors
  2 ogres (D:4)
  4 wolves (Lair:2)
  3 centaurs
  A kobold brigand (D:7)
  2 gnoll sergeants
  3 bullfrogs
  2 scorpions
  5 wights (D:8)
  6 killer bees (D:9)
  Dowan (D:7)
  5 howler monkeys
  4 hounds
  A jelly (D:7)
  5 orc priests
  Crazy Yiuf (D:7)
  3 iguanas
  2 sleepcaps (D:7)
  Ijyb (D:3)
  6 orc wizards
  12 gnolls
  10 adders
  A white imp (D:5)
  2 ufetubi (D:4)
  3 worms
  2 dart slugs (D:2)
  23 orcs
  6 endoplasms
  3 giant cockroaches (D:1)
  9 goblins
  4 hobgoblins
  9 jackals
  6 quokkas
  8 ball pythons
  5 bats (D:2)
  2 frilled lizards (D:2)
  22 kobolds
  10 rats
244 creatures vanquished.

Vanquished Creatures (collateral kills)
  Gastronok (Lair:2)
  A boulder beetle (Lair:2)
  A wyvern (D:7)
  3 orc warriors (Bailey)
  A black bear (D:7)
  2 orcs (Bailey)
  A hobgoblin (Bailey)
  A kobold (Bailey)
  2 goblins (Bailey)
13 creatures vanquished.

Vanquished Creatures (others)
  An orc wizard (D:8)
  9 fulminant prisms
10 creatures vanquished.

Grand Total: 267 creatures vanquished

Notes
Turn   | Place    | Note
-------+----------+-------------------------------------------
     0 | D:1      | CataloguePoet the Draconian Conjurer began the quest for
                  | the Orb.
     0 | D:1      | Reached XP level 1. HP: 14/14 MP: 3/3
   231 | D:1      | Reached XP level 2. HP: 18/22 MP: 0/5
   234 | D:1      | Learned a level 2 spell: Searing Ray
   591 | D:2      | Identified the +8 short sword "Dragonbane" {drain, rC+
                  | Int+4}
   600 | D:2      | Identified the +1 cloak of Courage {rC+ rN++ Will+ SInv}
   658 | D:2      | Reached XP level 3. HP: 27/27 MP: 4/6
   779 | D:3      | Learned a level 3 spell: Dazzling Flash
   951 | D:3      | You fall into a shaft and drop 1 floor!
  1092 | D:3      | Noticed Ijyb
  1109 | D:3      | Killed Ijyb
  1110 | D:3      | Reached skill level 5 in Conjurations
  1110 | D:3      | Reached XP level 4. HP: 24/34 MP: 2/7
  1167 | D:4      | Reached skill level 1 in Hexes
  1169 | D:4      | Noticed an ogre
  1190 | D:3      | Reached XP level 5. HP: 25/39 MP: 0/8
  1434 | D:4      | Killed an ogre
  1435 | D:4      | Reached skill level 1 in Fighting
  1510 | D:5      | Entered Level 5 of the Dungeon
  1559 | D:5      | Reached XP level 6. HP: 47/47 MP: 4/10
  1566 | D:5      | Noticed a water moccasin
  1568 | D:5      | Noticed a redback
  1572 | D:5      | Found a runed translucent door.
  1572 | D:5      | Noticed a water moccasin
  1573 | D:5      | Found a runed translucent gate.
  1573 | D:5      | Found a runed translucent gate.
  1649 | D:5      | Learned a level 4 spell: Fulminant Prism
  1650 | D:5      | Found Xexudghye's Lightly-Used Armoury.
  1737 | D:5      | Reached skill level 1 in Short Blades
  1941 | D:5      | Found a hazy altar of Hepliaklqana.
  1941 | D:5      | Found a basalt altar of Yredelemnul.
  1943 | D:5      | Found a shimmering blue altar of Sif Muna.
  1948 | D:5      | Found a bloodstained altar of Trog.
  1948 | D:5      | Found a sparkling altar of Nemelex Xobeh.
  1948 | D:5      | Found an iron altar of Okawaru.
  1950 | D:5      | Found a radiant altar of Vehumet.
  1950 | D:5      | Found an ancient bone altar of Kikubaaqudgha.
  1950 | D:5      | Found a glowing silver altar of Zin.
  2010 | D:6      | Noticed a water moccasin
  2015 | D:6      | Reached skill level 1 in Evocations
  2015 | D:6      | Killed a water moccasin
  2016 | D:6      | Your scales start taking on a rich purple colour.
  2016 | D:6      | Reached XP level 7. HP: 43/55 MP: 1/13
  2031 | D:6      | Reached skill level 6 in Conjurations
  2058 | D:6      | Noticed Edmund
  2090 | D:6      | Noticed Pikel
  2107 | D:5      | Killed Edmund
  2380 | D:5      | Reached skill level 5 in Spellcasting
  2380 | D:5      | Reached XP level 8. HP: 62/62 MP: 9/15
  2490 | D:5      | Found the +9 staff of Olgreb {rPois∞}
  2494 | D:5      | Found a runed translucent door.
  2530 | D:5      | Found a runed translucent gate.
  3052 | D:6      | HP: 1/62 [steam dragon (7)]
  3290 | D:6      | Killed Pikel
  3641 | D:5      | Became a worshipper of Nemelex Xobeh the Trickster
  3915 | D:4      | Found an opulent altar of Gozag.
  4104 | D:4      | Found a sacrificial altar of Ru.
  4112 | D:4      | Reached skill level 5 in Dodging
  4112 | D:4      | Reached XP level 9. HP: 70/70 MP: 12/17
  4408 | D:3      | Reached * piety under Nemelex Xobeh
  4718 | D:2      | Received a gift from Nemelex Xobeh
  4730 | D:2      | Learned a level 3 spell: Vhi's Electric Charge
  4736 | D:2      | Learned a level 5 spell: Arcjolt
  5590 | D:1      | Found a faded altar of an unknown god.
  6308 | D:7      | Noticed Menkaure
  6314 | D:7      | Killed Menkaure
  6318 | D:7      | Found a staircase to the Ecumenical Temple.
  6351 | D:7      | Found a glowing golden altar of the Shining One.
  6365 | D:7      | Noticed Dowan
  6369 | D:7      | Noticed Duvessa
  6377 | D:7      | Killed Dowan
  6378 | D:7      | Reached skill level 1 in Invocations
  6383 | D:7      | Killed Duvessa
  6384 | D:7      | Reached skill level 5 in Stealth
  6384 | D:7      | Reached skill level 1 in Translocations
  6384 | D:7      | Reached skill level 1 in Air Magic
  6986 | D:7      | Reached ** piety under Nemelex Xobeh
  7023 | D:7      | Noticed Maggie
  7032 | D:7      | Killed Maggie
  7033 | D:7      | Reached skill level 7 in Conjurations
  7369 | D:7      | Found a runed translucent door.
  7370 | D:7      | Noticed Crazy Yiuf
  7378 | D:7      | Killed Crazy Yiuf
  7747 | D:8      | Reached XP level 10. HP: 47/79 MP: 11/19
  7782 | D:8      | Found a flagged portal.
  7791 | Bailey   | Entered a bailey
  8753 | D:8      | Received a gift from Nemelex Xobeh
  9028 | D:9      | Noticed a death yak
  9030 | D:9      | Found a staircase to the Lair.
  9048 | D:9      | Noticed a death yak
  9051 | D:9      | Killed a death yak
  9355 | D:9      | Gained mutation: You passively dampen the noise of your
                  | surroundings. [potion of mutation]
  9355 | D:9      | Gained mutation: You occasionally lose the ability to read
                  | scrolls when taking damage. [potion of mutation]
  9356 | D:9      | Lost mutation: You passively dampen the noise of your
                  | surroundings. [potion of mutation]
  9356 | D:9      | Lost mutation: You occasionally lose the ability to read
                  | scrolls when taking damage. [potion of mutation]
  9356 | D:9      | Gained mutation: You are dopey. (Int -2) [potion of
                  | mutation]
  9356 | D:9      | Gained mutation: You are very dopey. (Int -4) [potion of
                  | mutation]
  9356 | D:9      | Gained mutation: You are clumsy. (Dex -2) [potion of
                  | mutation]
  9356 | D:9      | Gained mutation: You have sharp toenails. [potion of
                  | mutation]
  9357 | D:9      | Lost mutation: You have sharp toenails. [potion of
                  | mutation]
  9357 | D:9      | Lost mutation: You are very dopey. (Int -4) [potion of
                  | mutation]
  9357 | D:9      | Gained mutation: Your spells are a little harder to cast,
                  | but a little more powerful. [potion of mutation]
  9357 | D:9      | Lost mutation: You are dopey. (Int -2) [potion of mutation]
  9450 | D:9      | Reached *** piety under Nemelex Xobeh
  9453 | D:9      | Noticed a death yak
  9455 | D:9      | Noticed a death yak
  9456 | D:9      | Noticed a death yak
  9457 | D:9      | Noticed a death yak
  9459 | D:9      | Noticed a death yak
  9475 | D:9      | Killed a death yak
  9487 | D:9      | Killed a death yak
  9488 | D:9      | Reached skill level 5 in Fighting
  9488 | D:9      | Reached skill level 5 in Short Blades
  9488 | D:9      | Reached skill level 5 in Hexes
  9500 | D:9      | Killed a death yak
  9502 | D:9      | Reached XP level 11. HP: 61/86 MP: 2/21
  9505 | D:9      | Killed a death yak
  9516 | D:9      | Killed a death yak
  9523 | D:9      | Killed a death yak
  9530 | D:9      | Reached skill level 5 in Evocations
 10175 | Lair:1   | Entered Level 1 of the Lair of Beasts
 11207 | Lair:2   | Found a transporter.
 11208 | Lair:2   | Noticed a boulder beetle
 11209 | Lair:2   | Found a transporter.
 11209 | Lair:2   | Noticed a boulder beetle
 11248 | Lair:2   | Noticed a boulder beetle
 11308 | Lair:2   | HP: 6/132 [poisoned by a cane toad]
 11328 | Lair:2   | HP: 5/132 [boulder beetle (9)]
 11342 | Lair:2   | Killed a boulder beetle
 11593 | Lair:2   | Found a runed translucent gate.
 11593 | Lair:2   | Noticed a 12-headed hydra
 11594 | Lair:2   | Found a runed translucent gate.
 11595 | Lair:2   | Found a runed translucent gate.
 11595 | Lair:2   | Noticed danielguo94's ghost (journeyman GrFi)
 11596 | Lair:2   | Noticed a 12-headed hydra
 11600 | Lair:2   | Noticed Harold
 11608 | Lair:2   | Killed Harold
 11663 | Lair:2   | Received a gift from Nemelex Xobeh
 11682 | Lair:2   | Reached skill level 8 in Conjurations
 12019 | Lair:2   | Noticed Gastronok
 12034 | Lair:2   | Killed Gastronok
 12035 | Lair:2   | Reached XP level 12. HP: 74/95 MP: 21/23
 12304 | Lair:2   | Reached **** piety under Nemelex Xobeh
 12413 | Lair:2   | Found a staircase to the Shoals.
 12658 | Lair:2   | HP: 1/96 [danielguo94's ghost (20)]
 12660 | Lair:2   | Demolished by danielguo94's ghost

Illustrated notes

Levels and vault maps discovered:
D:1:      matt_arrival_los_fun, layout_loops_ring, basic_ecumenical_altar,
          hangedman_decor_riveting
D:2:      layout_basic, minivault_25, minmay_circle_x
D:3:      layout_basic, uniq_ijyb, uniq_natasha
D:4:      layout_basic, nicolae_gozag_cash_rules_everything_around_me,
          nicolae_ru_the_path_less_chosen
D:5:      layout_gridville, nicolae_overflows_in_rows, minmay_shop_damaged,
          minmay_guarded_unrand_staff_of_olgreb
D:6:      layout_rooms, reono_crystal_passage, uniq_pikel, uniq_edmund
D:7:      layout_cave_pods, mainiacjoe_overflow_concentric_impassable,
          minmay_temple_entry_overgrown, kennysheep_small_square, uniq_menkaure,
          uniq_maggie, uniq_duvessa, uniq_crazy_yiuf_cottage
D:8:      layout_loops_ring, enter_bailey_8, minmay_misc_feat_tower
D:9:      hellmonk_destroyed_diamonds, layout_basic, dpeg_lair_monsters,
          minivault_22
Lair:1:   layout_roguey
Lair:2:   gammafunk_boulding_lane, layout_misc_corridors, shoals_dummy_entry,
          gammafunk_ghost_hydra_chop, uniq_harold, uniq_gastronok

Skill      XL: |  1  2  3  4  5  6  7  8  9 10 11 12 |
---------------+-------------------------------------+-----
Stealth        | 2 3 4 5 6 7 |  7.0
Dodging        | 2 3 5 6 7 |  7.3
Conjurations   | 5 6 7 8 |  8.1
Hexes          | 1 2 3 4 5 6 |  6.2
Fighting       | 1 2 3 4 5 6 |  6.0
Short Blades   | 1 3 4 5 6 |  6.4
Spellcasting   | 4 5 6 7 |  7.9
Evocations     | 1 2 3 4 5 |  5.6
Invocations    | 2 3 4 |  4.8
Translocations | 1 3 4 |  4.3
Air Magic      | 1 3 4 |  4.2
Unarmed Combat | |  0.1

Action                     |  1- 3 |  4- 6 |  7- 9 | 10-12 || total
---------------------------+-------+-------+-------+-------++-------
  Melee: Unarmed           |     2 |       |       |       ||     2
         Short sword       |    15 |     7 |   122 |   168 ||   312
         Tailslap          |     2 |       |    11 |    28 ||    41
         Punch             |       |       |     1 |     1 ||     2
   Cast: Magic Dart        |    31 |     2 |     3 |       ||    36
         Searing Ray       |     6 |    11 |    44 |    20 ||    81
         Fulminant Prism   |       |     3 |     1 |     5 ||     9
         Dazzling Flash    |       |       |     3 |     1 ||     4
         Arcjolt           |       |       |     3 |    19 ||    22
         Vhi's Electric Ch |       |       |     2 |     3 ||     5
 Invoke: Draw Destruction  |       |       |     3 |     2 ||     5
         Draw Summoning    |       |       |     1 |     6 ||     7
         Draw Escape       |       |       |       |     3 ||     3
Ability: Breathe Dispellin |       |       |    37 |    31 ||    68
  Evoke: Wand              |       |     2 |       |     6 ||     8
    Use: Scroll            |     3 |     3 |     9 |    11 ||    26
         Potion            |     1 |     2 |     3 |    10 ||    16
   Stab: Sleeping          |     1 |       |    11 |     4 ||    16
         Invisible         |       |       |     2 |       ||     2
         Paralysed         |       |       |       |     3 ||     3
         Petrified         |       |       |       |     2 ||     2
         Distracted        |       |       |       |     1 ||     1
 Armour: Skin              |    22 |    30 |    93 |   126 ||   271
  Dodge: Dodged            |    41 |    55 |   194 |   298 ||   588
